RABA
CHICAGO (CL) CUBS @ BOSTON (CL) BRAVES
08/29/1911
 
TOP OF THE 1ST
Chicago (CL) Cubs batting - Pitching for Boston (CL) Braves : LHP Al Grabowski
Pitching: LHP Al Grabowski
Batting: LHB Jesse Levan 0-0: Swinging Strike
0-1: Swinging Strike
0-2: Ball
1-2: Ball
2-2: Ball
3-2: SINGLE (Groundball, 4D, EV 105.6 MPH)
Batting: LHB Wade Boggs 0-0: Called Strike
0-1: Grounds into double play, 4-6-3 (Groundball, 34, EV 80.6 MPH)
Batting: LHB Bob Caruthers 0-0: Called Strike
0-1: Ball
1-1: Called Strike
1-2: Ball
2-2: DOUBLE (Line Drive, 7LM, EV 109.4 MPH)
Batting: LHB Jack Tobin 0-0: Ground out 4-3 (Groundball, 4, EV 83.8 MPH)
Top of the 1st over - 0 runs, 2 hits, 0 errors, 1 left on base; Chicago (CL) 0 - Boston (CL) 0
BOTTOM OF THE 1ST
Boston (CL) Braves batting - Pitching for Chicago (CL) Cubs : RHP Bob Gibson
Pitching: RHP Bob Gibson
Batting: SHB Marty Becker 0-0: Ball
1-0: Foul Ball, location: 2F
1-1: Swinging Strike
1-2: Ball
2-2: Strikes out swinging
Batting: LHB Ken Phelps 0-0: Ball
1-0: Swinging Strike
1-1: SINGLE (Flyball, 7LS, EV 91.3 MPH)
Batting: LHB Larry Doyle 0-0: Fly out, F7 (Flyball, 7S, EV 93.8 MPH)
Batting: LHB Kevin Reimer 0-0: Fly out, F7 (Flyball, 7, EV 91.3 MPH)
Bottom of the 1st over - 0 runs, 1 hit, 0 errors, 1 left on base; Chicago (CL) 0 - Boston (CL) 0
TOP OF THE 2ND
Chicago (CL) Cubs batting - Pitching for Boston (CL) Braves : LHP Al Grabowski
Batting: RHB Rico Petrocelli 0-0: Called Strike
0-1: Swinging Strike
0-2: Ball
1-2: Foul Ball, location: 2F
1-2: Ball
2-2: Foul Ball, location: 2F
2-2: Foul Ball, location: 2F
2-2: Fly out, F8 (Line Drive, 8RD, EV 84.4 MPH)
Batting: RHB Jim Viox 0-0: Called Strike
0-1: SINGLE (Groundball, 56, EV 98.8 MPH)
Batting: LHB Nick Etten 0-0: Ball
1-0: Called Strike
1-1: SINGLE (Groundball, 4MD, EV 109.4 MPH)
Jim Viox to second
Runner from 2nd tries for 3rd, SAFE, throw by CF made to third
Batting: RHB Fred Carroll 0-0: SINGLE (Groundball, 56, EV 104.4 MPH) (infield hit)
Jim Viox scores
Nick Etten to second
Batting: RHB Bob Gibson 0-0: Sac Bunt to 2L - play at first, batter OUT! 2-4
Nick Etten to third
Fred Carroll to second
Batting: LHB Jesse Levan 0-0: Ball
1-0: Ball
2-0: Foul Ball, location: 2F
2-1: Swinging Strike
2-2: Foul Ball, location: 2F
2-2: SINGLE (Groundball, 4D, EV 98.1 MPH)
Nick Etten scores
Fred Carroll to third
Runner from 3rd tries for Home, SAFE, throw by CF to home
Batting: LHB Wade Boggs 0-0: Called Strike
0-1: Ball
1-1: Called Strike
1-2: Ground out 4-3 (Groundball, 4, EV 95.0 MPH)
Top of the 2nd over - 3 runs, 4 hits, 0 errors, 1 left on base; Chicago (CL) 3 - Boston (CL) 0
BOTTOM OF THE 2ND
Boston (CL) Braves batting - Pitching for Chicago (CL) Cubs : RHP Bob Gibson
Batting: RHB Dwight Evans 0-0: Ball
1-0: Foul Ball, location: 2F
1-1: Swinging Strike
1-2: Ball
2-2: Ball
3-2: Base on Balls
Batting: SHB Wally Backman 0-0: Foul Ball, location: 2F
0-1: Ball
1-1: Foul Ball, location: 2F
1-2: Grounds into double play, 6-4-3 (Groundball, 6, EV 80.0 MPH)
Batting: RHB Hensley Meulens 0-0: DOUBLE (Line Drive, 89M, EV 96.3 MPH)
Batting: RHB Vic Correll 0-0: Ball
1-0: Ground out 4-3 (Groundball, 4, EV 80.0 MPH)
Bottom of the 2nd over - 0 runs, 1 hit, 0 errors, 1 left on base; Chicago (CL) 3 - Boston (CL) 0
TOP OF THE 3RD
Chicago (CL) Cubs batting - Pitching for Boston (CL) Braves : LHP Al Grabowski
Batting: LHB Bob Caruthers 0-0: Called Strike
0-1: Ball
1-1: Called Strike
1-2: Ball
2-2: Ball
3-2: DOUBLE (Line Drive, 8LD, EV 108.8 MPH)
Batting: LHB Jack Tobin 0-0: Called Strike
0-1: Ground out U3 (Groundball, 3L, EV 79.4 MPH)
Bob Caruthers to third
Batting: RHB Rico Petrocelli 0-0: Ball
1-0: Called Strike
1-1: Foul Ball, location: 2F
1-2: Foul Ball, location: 2F
1-2: Ball
2-2: Strikes out swinging
Batting: RHB Jim Viox 0-0: Called Strike
0-1: Fly out, F4 (Line Drive, 4, EV 65.0 MPH)
Top of the 3rd over - 0 runs, 1 hit, 0 errors, 1 left on base; Chicago (CL) 3 - Boston (CL) 0
BOTTOM OF THE 3RD
Boston (CL) Braves batting - Pitching for Chicago (CL) Cubs : RHP Bob Gibson
Batting: LHB Al Grabowski 0-0: Called Strike
0-1: Ground out 6-3 (Groundball, 6, EV 105.0 MPH)
Batting: SHB Marty Becker 0-0: Fly out, F3 (Line Drive, 3, EV 70.6 MPH)
Batting: LHB Ken Phelps 0-0: Ground out 5-3 (Groundball, 56S, EV 85.6 MPH)
Bottom of the 3rd over - 0 runs, 0 hits, 0 errors, 0 left on base; Chicago (CL) 3 - Boston (CL) 0
TOP OF THE 4TH
Chicago (CL) Cubs batting - Pitching for Boston (CL) Braves : LHP Al Grabowski
Batting: LHB Nick Etten 0-0: Foul Ball, location: 2F
0-1: Foul Ball, location: 2F
0-2: Foul Ball, location: 2F
0-2: Reached on error, E5 (Groundball, 56S, EV 85.6 MPH)
Batting: RHB Fred Carroll 0-0: Ball
1-0: Foul Ball, location: 2F
1-1: Swinging Strike
1-2: Ball
2-2: Foul Ball, location: 2F
2-2: Ball
3-2: Foul Ball, location: 2F
3-2: SINGLE (Groundball, 56S, EV 73.1 MPH) (infield hit)
Nick Etten to second
Batting: RHB Bob Gibson 0-0: Sac Bunt to 13S - play at first, batter OUT! 1-4
Nick Etten to third
Fred Carroll to second
Batting: LHB Jesse Levan 0-0: Called Strike
0-1: Ball
1-1: Ball
2-1: Foul Ball, location: 2F
2-2: Ground out U3 (Groundball, 3L, EV 81.3 MPH)
Batting: LHB Wade Boggs 0-0: Ball
1-0: Ball
2-0: Swinging Strike
2-1: SINGLE (Groundball, 4MD, EV 95.0 MPH)
Nick Etten scores
Fred Carroll to third
Runner from 3rd tries for Home, SAFE, throw by CF to home
Batting: LHB Bob Caruthers 0-0: Swinging Strike
0-1: Called Strike
0-2: Ground out U3 (Groundball, 3, EV 80.0 MPH)
Top of the 4th over - 2 runs, 2 hits, 1 error, 1 left on base; Chicago (CL) 5 - Boston (CL) 0
BOTTOM OF THE 4TH
Boston (CL) Braves batting - Pitching for Chicago (CL) Cubs : RHP Bob Gibson
Batting: LHB Larry Doyle 0-0: Fly out, F7 (Flyball, 78M, EV 92.5 MPH)
Batting: LHB Kevin Reimer 0-0: Ground out 4-3 (Groundball, 4, EV 87.5 MPH)
Batting: RHB Dwight Evans 0-0: Fly out, F9 (Flyball, 9S, EV 85.0 MPH)
Bottom of the 4th over - 0 runs, 0 hits, 0 errors, 0 left on base; Chicago (CL) 5 - Boston (CL) 0
TOP OF THE 5TH
Chicago (CL) Cubs batting - Pitching for Boston (CL) Braves : LHP Al Grabowski
Batting: LHB Jack Tobin 0-0: Ball
1-0: Called Strike
1-1: Swinging Strike
1-2: Strikes out swinging
Batting: RHB Rico Petrocelli 0-0: Foul Ball, location: 2F
0-1: Ball
1-1: Called Strike
1-2: Ball
2-2: Foul Ball, location: 2F
2-2: Ball
3-2: DOUBLE (Line Drive, 7LS, EV 108.1 MPH)
Batting: RHB Jim Viox 0-0: Called Strike
0-1: Foul Ball, location: 2F
0-2: Strikes out swinging
Batting: LHB Nick Etten 0-0: Foul Ball, location: 2F
0-1: Ground out 6-3 (Groundball, 6, EV 86.3 MPH)
Top of the 5th over - 0 runs, 1 hit, 0 errors, 1 left on base; Chicago (CL) 5 - Boston (CL) 0
BOTTOM OF THE 5TH
Boston (CL) Braves batting - Pitching for Chicago (CL) Cubs : RHP Bob Gibson
Batting: SHB Wally Backman 0-0: Called Strike
0-1: Called Strike
0-2: DOUBLE (Groundball, 3L, EV 103.1 MPH)
Batting: RHB Hensley Meulens 0-0: Ball
1-0: Foul Ball, location: 2F
1-1: Foul Ball, location: 2F
1-2: Ball
2-2: Ground out 4-3 (Groundball, 4M, EV 83.1 MPH)
Wally Backman to third
Batting: RHB Vic Correll 0-0: Called Strike
0-1: Ground out U3 (Groundball, 3, EV 88.1 MPH)
Batting: LHB Al Grabowski 0-0: Ball
1-0: Ball
2-0: SINGLE (Groundball, 4MD, EV 100.0 MPH)
Wally Backman scores
Batting: SHB Marty Becker 0-0: Foul Ball, location: 2F
0-1: Ball
1-1: Ball
2-1: Ball
3-1: Base on Balls
Al Grabowski to second
Batting: LHB Ken Phelps 0-0: Foul Ball, location: 2F
0-1: Swinging Strike
0-2: Foul Ball, location: 2F
0-2: Ball
1-2: Foul Ball, location: 2F
1-2: Foul Ball, location: 2F
1-2: SINGLE (Line Drive, 4MD, EV 103.1 MPH)
Al Grabowski to third
Marty Becker to second
Runner from 3rd tries for Home, SAFE, throw by CF to home
Marty Becker to third
Ken Phelps to second
Batting: LHB Larry Doyle 0-0: Swinging Strike
0-1: Ball
1-1: Ball
2-1: Called Strike
2-2: Ball
3-2: Foul Ball, location: 2F
3-2: Base on Balls
Batting: LHB Kevin Reimer 0-0: Called Strike
0-1: Swinging Strike
0-2: Strikes out swinging
Bottom of the 5th over - 2 runs, 3 hits, 0 errors, 3 left on base; Chicago (CL) 5 - Boston (CL) 2
TOP OF THE 6TH
Chicago (CL) Cubs batting - Pitching for Boston (CL) Braves : LHP Al Grabowski
Batting: RHB Fred Carroll 0-0: Ball
1-0: Ball
2-0: Called Strike
2-1: Fly out, F8 (Flyball, 8RD, EV 96.3 MPH)
Batting: RHB Bob Gibson 0-0: Called Strike
0-1: Called Strike
0-2: Ball
1-2: Ball
2-2: Ground out 6-3 (Groundball, 6, EV 88.8 MPH)
Batting: LHB Jesse Levan 0-0: Ball
1-0: Ball
2-0: Foul Ball, location: 2F
2-1: Ball
3-1: Base on Balls
Pitching: LHP Scott Stewart
Batting: LHB Wade Boggs 0-0: Ball
Jesse Levan steals 2nd base
1-0: Ball
2-0: Foul Ball, location: 2F
2-1: Called Strike
2-2: Foul Ball, location: 2F
2-2: Strikes out swinging
Top of the 6th over - 0 runs, 0 hits, 0 errors, 1 left on base; Chicago (CL) 5 - Boston (CL) 2
BOTTOM OF THE 6TH
Boston (CL) Braves batting - Pitching for Chicago (CL) Cubs : RHP Bob Gibson
Batting: RHB Dwight Evans 0-0: Foul Ball, location: 2F
0-1: Called Strike
0-2: Ball
1-2: Ball
2-2: Ball
3-2: Fly out, F8 (Flyball, 8LD, EV 98.8 MPH)
Batting: SHB Wally Backman 0-0: Ball
1-0: Swinging Strike
1-1: Swinging Strike
1-2: Foul Ball, location: 2F
1-2: Ball
2-2: Fly out, F7 (Flyball, 7D, EV 78.1 MPH)
Batting: RHB Hensley Meulens 0-0: Foul Ball, location: 2F
0-1: Foul Ball, location: 2F
0-2: Strikes out swinging
Bottom of the 6th over - 0 runs, 0 hits, 0 errors, 0 left on base; Chicago (CL) 5 - Boston (CL) 2
TOP OF THE 7TH
Chicago (CL) Cubs batting - Pitching for Boston (CL) Braves : LHP Scott Stewart
Batting: LHB Bob Caruthers 0-0: Foul Ball, location: 2F
0-1: Ball
1-1: Called Strike
1-2: Ground out 4-3 (Groundball, 4, EV 101.3 MPH)
Batting: LHB Jack Tobin 0-0: Called Strike
0-1: Fly out, F6 (Flyball, 56D, EV 86.9 MPH)
Batting: RHB Rico Petrocelli 0-0: Swinging Strike
0-1: Swinging Strike
0-2: Ball
1-2: Strikes out swinging
Top of the 7th over - 0 runs, 0 hits, 0 errors, 0 left on base; Chicago (CL) 5 - Boston (CL) 2
BOTTOM OF THE 7TH
Boston (CL) Braves batting - Pitching for Chicago (CL) Cubs : RHP Bob Gibson
Batting: RHB Vic Correll 0-0: Swinging Strike
0-1: Swinging Strike
0-2: Strikes out swinging
Pinch Hitting: LHB Sandy Amoros 0-0: Foul Ball, location: 2F
0-1: Ball
1-1: Ground out 3-1 (Groundball, 34, EV 98.1 MPH)
Batting: SHB Marty Becker 0-0: Called Strike
0-1: Foul Ball, location: 2F
0-2: Strikes out looking
Bottom of the 7th over - 0 runs, 0 hits, 0 errors, 0 left on base; Chicago (CL) 5 - Boston (CL) 2
TOP OF THE 8TH
Chicago (CL) Cubs batting - Pitching for Boston (CL) Braves : LHP Scott Stewart
Pitching: LHP Bob Dresser
Batting: RHB Jim Viox 0-0: Fly out, F7 (Flyball, 7LS, EV 82.5 MPH)
Batting: LHB Nick Etten 0-0: Called Strike
0-1: Fly out, F9 (Flyball, 9, EV 85.0 MPH)
Batting: RHB Fred Carroll 0-0: Called Strike
0-1: Ball
1-1: Ball
2-1: Foul Ball, location: 2F
2-2: Ground out 4-3 (Groundball, 4MD, EV 95.6 MPH)
Top of the 8th over - 0 runs, 0 hits, 0 errors, 0 left on base; Chicago (CL) 5 - Boston (CL) 2
BOTTOM OF THE 8TH
Boston (CL) Braves batting - Pitching for Chicago (CL) Cubs : RHP Bob Gibson
Batting: LHB Ken Phelps 0-0: Foul Ball, location: 2F
0-1: Ball
1-1: Foul Ball, location: 2F
1-2: Ball
2-2: Foul Ball, location: 2F
2-2: Ball
3-2: Fly out, F9 (Flyball, 89M, EV 83.1 MPH)
Batting: LHB Larry Doyle 0-0: Called Strike
0-1: Called Strike
0-2: Foul Ball, location: 2F
0-2: Foul Ball, location: 2F
0-2: Foul Ball, location: 2F
0-2: Ground out 5-3 (Groundball, 5, EV 101.9 MPH)
Batting: LHB Kevin Reimer 0-0: Ball
1-0: Ball
2-0: Foul Ball, location: 2F
2-1: Ground out 6-3 (Groundball, 6, EV 105.6 MPH)
Bottom of the 8th over - 0 runs, 0 hits, 0 errors, 0 left on base; Chicago (CL) 5 - Boston (CL) 2
TOP OF THE 9TH
Chicago (CL) Cubs batting - Pitching for Boston (CL) Braves : LHP Bob Dresser
Pinch Hitting: LHB Gary Holman 0-0: Ball
1-0: Called Strike
1-1: Ball
2-1: Foul Ball, location: 2F
2-2: Foul Ball, location: 2F
2-2: Foul Ball, location: 2F
2-2: Ball
3-2: Foul Ball, location: 2F
3-2: Strikes out swinging
Batting: LHB Jesse Levan 0-0: Ball
1-0: Fly out, F8 (Line Drive, 8RD, EV 91.9 MPH)
Batting: LHB Wade Boggs 0-0: Called Strike
0-1: Swinging Strike
0-2: Strikes out swinging
Top of the 9th over - 0 runs, 0 hits, 0 errors, 0 left on base; Chicago (CL) 5 - Boston (CL) 2
BOTTOM OF THE 9TH
Boston (CL) Braves batting - Pitching for Chicago (CL) Cubs : RHP Bob Gibson
Saturday, September 5th, 2020 - OOTP Baseball 21.5 Build 76